 Dungeon Crawl Stone Soup version 0.30-a0-5-g3a90980b9d (webtiles) character file.

Game seed: 6451994771291482646

30 BritishOli the Trooper (level 3, -6/29 HPs)
             Began as a Demonspawn Fighter on Aug 22, 2022.
             Mangled by an orc priest
             ... wielding a +0 flail
              (7 damage)
             ... on level 2 of the Dungeon.
             The game lasted 00:01:14 (1534 turns).

BritishOli the Trooper (Demonspawn Fighter)         Turns: 1534, Time: 00:01:15

Health: -6/29      AC:  7    Str: 18    XL:     3   Next: 3%
Magic:  12/12      EV:  9    Int:  9    God:
Gold:   130        SH:  4    Dex: 12    Spells: 2/2 levels left

rFire   . . .      SeeInvis .    a - +0 long sword
rCold   . . .      Faith    .    c - +0 buckler
rNeg    . . .      Spirit   .    b - +0 scale mail
rPois   .          Reflect  .    (helmet restricted)
rElec   .          Harm     .    m - +0 cloak
rCorr   .          Rampage  .    (no gloves)
Will    .....                    (no boots)
Stlth   ..........               (no amulet)
HPRegen 0.09/turn                l - ring of magical power
MPRegen 0.13/turn                (no ring)

@: no status effects
A: horns 1
a: no special abilities


You were on level 2 of the Dungeon.
You visited 1 branch of the dungeon, and saw 3 of its levels.

You collected 130 gold pieces.

Inventory:

Hand Weapons
 a - a +0 long sword (weapon)
Armour
 b - a +0 scale mail (worn)
 c - a +0 buckler (worn)
 m - a +0 cloak (worn)
Jewellery
 l - a ring of magical power (left hand)
Scrolls
 g - a scroll of torment {unknown}
 h - 2 scrolls of identify {unknown}
 j - a scroll of vulnerability {unknown}
 n - a scroll of immolation {unknown}
Potions
 d - a potion of might
 e - a potion of mutation {unknown}
 f - a potion of heal wounds {unknown}
 i - a potion of attraction {unknown}
 k - a potion of resistance {unknown}
 o - a potion of curing {unknown}


   Skills:
 + Level 3.3 Fighting
 + Level 2.2 Long Blades
 + Level 3.0 Armour
 + Level 3.0 Shields


You had 2 spell levels left.
You didn't know any spells.
Your spell library contained the following spells:

 Spells                   Type           Power      Damage    Failure   Level
 Ensorcelled Hibernation  Hex/Ice        0%         N/A       94%         2
 Confusing Touch          Hex            0%         N/A       99%         3
 Spider Form              Tmut/Pois      0%         N/A       99%         3
 Anguish                  Hex/Necr       0%         N/A       100%        4
 Yara's Violent Unravell  Hex/Tmut       0%         3d3       100%        5
 Enfeeble                 Hex            0%         N/A       100%        7


Dungeon Overview and Level Annotations

Branches:
Dungeon (3/15)

Altars:


Innate Abilities, Weirdness & Mutations

You have a pair of small horns on your head.


Message History

The orc shouts!
You hear a shout!
There is a stone staircase leading up here.
An orc is nearby!
An orc comes into view. It is wielding a +0 hand axe.
You climb upwards.
There is a stone staircase leading down here.
You barely miss the orc priest. The orc priest barely misses you.
The orc priest hits you with a +0 flail.
You hit the orc priest.
The orc priest is moderately wounded.
The orc priest hits you but does no damage.
You slash the orc priest!
The orc priest is severely wounded.
You closely miss the orc.
An orc priest opens the door.
You closely miss the orc. You headbutt the orc.
The orc is severely wounded.
The orc hits you with a +0 short sword. The orc hits you but does no damage.
The orc priest invokes the aid of Beogh against you.
Pain shoots through your body!
You barely miss the orc.
The orc is severely wounded.
The orc hits you with a +0 short sword.
The orc priest hits you but does no damage.
You closely miss the orc.
The orc is severely wounded.
The orc hits you with a +0 short sword.
The orc priest hits you with a +0 flail.
* * * LOW HITPOINT WARNING * * *
The orc hits you but does no damage. You block the orc priest's attack.
You completely miss the orc.
The orc is severely wounded.
You block the orc's attack.
The orc priest hits you with a +0 flail.
* * * LOW HITPOINT WARNING * * *
You closely miss the orc.
The orc is severely wounded.
The orc hits you with a +0 short sword.
* * * LOW HITPOINT WARNING * * *
The orc priest hits you with a +0 flail!
You die...

#.............# #.
#........[....#########.
#......#....†...........
#......#.###############
###.#'#........#######
#.#†#..............#
#.#.#..............#
#.#.##o##..........###
#.#>.@o...............
#.#######...####.##### #.#
#.....####[..###
#####'####..............#
#........'....†.........#
#.......##^.............#
#.......##..............#
#.......##.....##..[...)##
#.......##.....##........#


You could see an orc priest and an orc.

Vanquished Creatures
  A worm (D:2)
  4 endoplasms
  3 giant cockroaches
  A hobgoblin (D:2)
  A quokka (D:2)
  3 ball pythons
  2 bats
  4 frilled lizards
  3 goblins
  2 kobolds
  A rat (D:3)
25 creatures vanquished.

Notes
Turn   | Place    | Note
-------+----------+-------------------------------------------
     0 | D:1      | BritishOli the Demonspawn Fighter began the quest for the
                  | Orb.
     0 | D:1      | Reached XP level 1. HP: 18/18 MP: 1/1
   457 | D:1      | Gained mutation: You have a pair of small horns on your
                  | head. [demonic ancestry]
   457 | D:1      | Reached XP level 2. HP: 21/24 MP: 2/2
  1199 | D:2      | Found a faded altar of an unknown god.
  1427 | D:3      | Reached XP level 3. HP: 13/29 MP: 3/3
  1534 | D:2      | HP: 1/29 [orc/+0 short sword (3)]
  1534 | D:2      | Mangled by an orc priest

Illustrated notes

Levels and vault maps discovered:
D:1:      dreamdust_arrival_beginning_and_end, layout_basic,
          hangedman_abyss_or_decor_lesser_grid
D:2:      layout_basic, basic_ecumenical_altar
D:3:      layout_basic, nicolae_hepliaklqana_hazy_memory,
          grunt_temple_overflow_diamond, minmay_misc_feat_plants

Skill      XL: |  1  2 |
---------------+-------+-----
Long Blades    | 2 |  2.2
Armour         | 3 |  3.0
Shields        | 3 |  3.0
Fighting       | |  3.3

Action                   || total
-------------------------++-------
Melee: Long sword        ||    79
       Headbutt          ||     9
Armor: Scale mail        ||    43
Dodge: Dodged            ||    26
Block: Buckler           ||    21

Table legend: (Time is in decaauts)
 A = Elapsed time spent in this place.
 B = Non-inter-level travel time spent in this place.
 C = Inter-level travel time spent in this place.
 D = Time resting spent in this place.
 E = Time spent auto-exploring this place.
 F = Levels seen in this place.
 G = Mean time per level.
                   A        B        C        D        E       F      G
               +--------+--------+--------+--------+--------+-----+--------+
         Total |   1560 |   1538 |     22 |     96 |   1204 |   3 |  520.0 |
       Dungeon |   1560 |   1538 |     22 |     96 |   1204 |   3 |  520.0 |
               +--------+--------+--------+--------+--------+-----+--------+

Top non-repeatable levels by time:
     D:1: 1023 daAuts
     D:2: 437 daAuts
     D:3: 99 daAuts
